[ PARTIDA AOE2 · #478543032 ]
UnrankedBorgoñones vs Persians
[ ANÁLISIS DE REPETICIÓN · EXTRAÍDO DE LA PARTIDA GRABADA ]
Feudal
14:26
Castillos
18:52
Imperial
39:13
| APM promedio | 50.6 |
| APM pico | 97 |
| eAPM promedio | 25.4 |
| Aldeanos / militares | 193 / 256 |
Foco
⚔️ 39.3% · 🌾 60.7%
Coustillier ×119 · Spearman ×59 · Hand Cannoneer ×45 · Fishing Ship ×13 · Battering Ram ×13 · Trebuchet (Packed) ×13
Feudal
11:35
Castillos
18:20
Imperial
37:33
| APM promedio | 43.5 |
| APM pico | 77 |
| eAPM promedio | 29.3 |
| Aldeanos / militares | 158 / 288 |
Foco
⚔️ 27.4% · 🌾 72.6%
Skirmisher ×155 · Camel Scout ×68 · Knight ×35 · Fishing Ship ×31 · War Elephant ×15 · Trebuchet (Packed) ×7
Feudal
13:37
Castillos
17:32
Imperial
36:08
| APM promedio | 44.7 |
| APM pico | 89 |
| eAPM promedio | 20.2 |
| Aldeanos / militares | 191 / 289 |
Foco
⚔️ 41.4% · 🌾 58.6%
Archer ×278 · Fishing Ship ×10 · Mangonel ×7 · Trebuchet (Packed) ×4
Feudal
13:47
Castillos
19:25
Imperial
40:21
| APM promedio | 34.7 |
| APM pico | 50 |
| eAPM promedio | 20.1 |
| Aldeanos / militares | 134 / 230 |
Foco
⚔️ 29.5% · 🌾 70.5%
Fire Lancer ×107 · War Wagon ×44 · Scout Cavalry ×30 · Knight ×20 · Fishing Ship ×16 · Skirmisher ×10
Feudal
13:39
Castillos
17:34
Imperial
29:34
| APM promedio | 34.5 |
| APM pico | 121 |
| eAPM promedio | 14.3 |
| Aldeanos / militares | 67 / 40 |
Foco
⚔️ 34.1% · 🌾 65.9%
Gbeto ×26 · Fishing Ship ×17 · Trebuchet (Packed) ×6 · Knight ×4 · Scout Cavalry ×3 · Monk ×1
Feudal
14:00
Castillos
17:55
Imperial
34:45
| APM promedio | 54.7 |
| APM pico | 97 |
| eAPM promedio | 28.9 |
| Aldeanos / militares | 311 / 65 |
Foco
⚔️ 30.2% · 🌾 69.8%
Conquistador ×26 · Knight ×22 · Spearman ×8 · Trebuchet (Packed) ×8 · Fishing Ship ×7 · Monk ×1
Mapa de la partida
Recursos iniciales + cada clic de construcción. Líneas = muros · curvas = relieve. ◆ oro · ⬟ piedra · ● bayas · ✦ reliquia · ◌ hueco del cierre
Tu base· Abierta — hueco de 6t
Base de Humble Villager· Abierta — hueco de 5t
Base de VLC | ImperialBoy· Abierta — hueco de 8t
Base de Andromed· Abierta — hueco de 12t
Base de BigmaaanCZ· Abierta — hueco de 7t
Base de VLC | Tithen· Abierta — flanco sin cerrar
Terreno inicial suavizado · ◌ = hueco del cierre detectado · pasá el cursor para detalles
Inputs por minuto
— VLC | GCuello - - Humble Villager
Build order — VLC | GCuello
Primeras 150 de 661 acciones detectadas
| 0:20 | Construir | Town Center |
| 1:28 | Construir | Dock |
| 1:30 | Construir | House |
| 1:32 | Construir | Palisade Wall |
| 2:37 | Crear | Villager (Male) |
| 2:37 | Crear | Villager (Male) |
| 2:37 | Crear | Villager (Male) |
| 2:37 | Crear | Villager (Male) |
| 2:38 | Crear | Villager (Male) |
| 4:07 | Construir | House |
| 4:15 | Investigar | Loom |
| 4:24 | Crear | Fishing Ship |
| 4:24 | Crear | Fishing Ship |
| 4:36 | Crear | Villager (Male) |
| 4:37 | Crear | Villager (Male) |
| 4:49 | Construir | House |
| 5:00 | Crear | Villager (Male) |
| 5:01 | Crear | Villager (Male) |
| 5:33 | Crear | Fishing Ship |
| 5:33 | Crear | Fishing Ship |
| 5:36 | Crear | Villager (Male) |
| 5:36 | Crear | Villager (Male) |
| 5:56 | Crear | Villager (Male) |
| 5:56 | Crear | Villager (Male) |
| 6:01 | Construir | House |
| 6:10 | Crear | Villager (Male) |
| 6:10 | Crear | Villager (Male) |
| 6:36 | Crear | Villager (Male) |
| 6:36 | Crear | Villager (Male) |
| 6:46 | Crear | Fishing Ship |
| 6:46 | Crear | Fishing Ship |
| 7:03 | Crear | Villager (Male) |
| 7:04 | Crear | Villager (Male) |
| 7:11 | Crear | Villager (Male) |
| 7:12 | Crear | Villager (Male) |
| 7:17 | Crear | Fishing Ship |
| 7:18 | Crear | Fishing Ship |
| 7:34 | Crear | Villager (Male) |
| 7:35 | Crear | Villager (Male) |
| 7:47 | Construir | House |
| 8:00 | Crear | Villager (Male) |
| 8:00 | Crear | Villager (Male) |
| 8:17 | Crear | Villager (Male) |
| 8:28 | Construir | Mill |
| 8:29 | Crear | Villager (Male) |
| 8:41 | Crear | Fishing Ship |
| 9:28 | Construir | House |
| 9:31 | Crear | Fishing Ship |
| 9:38 | Crear | Villager (Male) |
| 9:42 | Investigar | Wheelbarrow |
| 9:48 | Crear | Fishing Ship |
| 9:48 | Crear | Fishing Ship |
| 10:24 | Crear | Villager (Male) |
| 10:25 | Crear | Villager (Male) |
| 10:30 | Construir | House |
| 10:35 | Crear | Fishing Ship |
| 11:06 | Construir | House |
| 11:14 | Construir | Lumber Camp |
| 11:18 | Crear | Villager (Male) |
| 11:49 | Construir | Mining Camp |
| 12:01 | Investigar | Feudal Age |
| 12:30 | Investigar | Double-Bit Axe |
| 13:53 | Construir | Mining Camp |
| 13:59 | Investigar | Gold Mining |
| 14:17 | Construir | Palisade Wall |
| 14:23 | Construir | Palisade Wall |
| 14:25 | Construir | House |
| 14:26 | Edad | Edad Feudal |
| 14:29 | Construir | Blacksmith |
| 14:31 | Crear | Villager (Male) |
| 14:32 | Crear | Villager (Male) |
| 14:57 | Construir | Market |
| 14:59 | Crear | Villager (Male) |
| 15:47 | Crear | Villager (Male) |
| 15:53 | Investigar | Bow Saw |
| 15:57 | Investigar | Castle Age |
| 16:17 | Investigar | Stone Mining |
| 16:18 | Investigar | Stone Mining |
| 16:36 | Investigar | Gold Shaft Mining |
| 16:49 | Investigar | Horse Collar |
| 17:11 | Investigar | Heavy Plow |
| 17:22 | Investigar | Stone Shaft Mining |
| 17:57 | Construir | Barracks |
| 18:19 | Construir | House |
| 18:29 | Crear | Spearman |
| 18:30 | Crear | Spearman |
| 18:35 | Crear | Flemish Militia |
| 18:35 | Crear | Flemish Militia |
| 18:39 | Crear | Villager (Male) |
| 18:52 | Edad | Edad de los Castillos |
| 19:01 | Crear | Villager (Male) |
| 19:09 | Construir | Town Center |
| 19:25 | Construir | Monastery |
| 19:33 | Construir | Castle |
| 19:34 | Crear | Villager (Male) |
| 19:47 | Crear | Villager (Male) |
| 19:48 | Crear | Monk |
| 20:12 | Crear | Villager (Male) |
| 20:41 | Crear | Monk |
| 20:50 | Crear | Villager (Male) |
| 20:50 | Crear | Villager (Male) |
| 20:51 | Crear | Villager (Male) |
| 21:07 | Crear | Villager (Male) |
| 21:12 | Crear | Monk |
| 21:26 | Crear | Villager (Male) |
| 21:26 | Crear | Villager (Male) |
| 21:31 | Crear | Villager (Male) |
| 21:31 | Crear | Villager (Male) |
| 21:44 | Construir | Farm |
| 21:44 | Construir | Farm |
| 21:45 | Construir | Farm |
| 21:45 | Construir | Farm |
| 21:45 | Construir | Farm |
| 21:45 | Construir | Farm |
| 21:45 | Construir | Farm |
| 21:46 | Construir | Farm |
| 22:05 | Crear | Villager (Male) |
| 22:05 | Crear | Villager (Male) |
| 22:08 | Construir | Farm |
| 22:19 | Construir | Town Center |
| 22:25 | Crear | Villager (Male) |
| 22:26 | Crear | Villager (Male) |
| 22:45 | Crear | Coustillier |
| 22:45 | Crear | Coustillier |
| 22:45 | Crear | Coustillier |
| 22:59 | Construir | Mining Camp |
| 23:16 | Crear | Villager (Male) |
| 23:16 | Crear | Villager (Male) |
| 23:17 | Crear | Villager (Male) |
| 23:17 | Crear | Villager (Male) |
| 23:18 | Crear | Villager (Male) |
| 23:31 | Construir | Town Center |
| 23:32 | Crear | Villager (Male) |
| 23:32 | Crear | Villager (Male) |
| 23:32 | Crear | Villager (Male) |
| 23:38 | Crear | Coustillier |
| 23:38 | Crear | Coustillier |
| 23:57 | Crear | Coustillier |
| 24:03 | Construir | Stable |
| 24:06 | Crear | Coustillier |
| 24:11 | Crear | Villager (Male) |
| 24:11 | Crear | Villager (Male) |
| 24:11 | Crear | Villager (Male) |
| 24:12 | Crear | Villager (Male) |
| 24:25 | Construir | Farm |
| 24:26 | Construir | Farm |
| 24:27 | Construir | Farm |
| 24:35 | Crear | Villager (Male) |
| 24:38 | Crear | Villager (Male) |
| 24:54 | Crear | Villager (Male) |
Build order — Humble Villager
Primeras 150 de 568 acciones detectadas
| 0:15 | Construir | Town Center |
| 0:21 | Construir | Dock |
| 1:08 | Construir | House |
| 2:31 | Crear | Villager (Male) |
| 2:31 | Crear | Villager (Male) |
| 2:32 | Crear | Villager (Male) |
| 2:32 | Crear | Villager (Male) |
| 2:32 | Crear | Villager (Male) |
| 2:40 | Crear | Fishing Ship |
| 3:05 | Construir | Palisade Wall |
| 3:12 | Construir | Palisade Wall |
| 3:42 | Crear | Villager (Male) |
| 4:00 | Crear | Villager (Male) |
| 4:01 | Crear | Villager (Male) |
| 4:36 | Crear | Villager (Male) |
| 4:38 | Crear | Fishing Ship |
| 4:44 | Construir | House |
| 4:56 | Crear | Fishing Ship |
| 5:07 | Crear | Villager (Male) |
| 5:22 | Construir | Palisade Wall |
| 5:27 | Crear | Fishing Ship |
| 5:48 | Construir | House |
| 5:53 | Crear | Villager (Male) |
| 6:20 | Crear | Fishing Ship |
| 6:22 | Crear | Villager (Male) |
| 6:31 | Crear | Villager (Male) |
| 6:50 | Crear | Fishing Ship |
| 6:56 | Crear | Villager (Male) |
| 7:04 | Construir | House |
| 7:12 | Crear | Villager (Male) |
| 7:17 | Crear | Fishing Ship |
| 7:34 | Construir | House |
| 7:41 | Crear | Villager (Male) |
| 7:49 | Crear | Fishing Ship |
| 8:02 | Crear | Villager (Male) |
| 8:02 | Crear | Villager (Male) |
| 8:28 | Construir | Lumber Camp |
| 8:29 | Crear | Villager (Male) |
| 9:16 | Construir | House |
| 9:31 | Investigar | Feudal Age |
| 9:57 | Construir | House |
| 10:07 | Construir | House |
| 10:23 | Construir | Dock |
| 10:32 | Crear | Fishing Ship |
| 10:56 | Construir | Palisade Wall |
| 10:57 | Construir | Palisade Wall |
| 11:13 | Construir | Mining Camp |
| 11:30 | Crear | Fishing Ship |
| 11:34 | Crear | Villager (Male) |
| 11:35 | Crear | Villager (Male) |
| 11:35 | Edad | Edad Feudal |
| 11:43 | Investigar | Double-Bit Axe |
| 11:56 | Crear | Villager (Male) |
| 12:05 | Crear | Fishing Ship |
| 12:31 | Investigar | Tech 906 |
| 12:40 | Crear | Villager (Male) |
| 12:56 | Construir | Mill |
| 13:02 | Crear | Villager (Male) |
| 13:11 | Crear | Fishing Ship |
| 13:12 | Crear | Fishing Ship |
| 13:15 | Construir | House |
| 13:34 | Crear | Villager (Male) |
| 13:59 | Crear | Villager (Male) |
| 14:08 | Construir | Market |
| 14:17 | Construir | Blacksmith |
| 14:20 | Crear | Villager (Male) |
| 14:26 | Crear | Fishing Ship |
| 14:31 | Construir | House |
| 14:41 | Crear | Villager (Male) |
| 14:45 | Construir | House |
| 14:48 | Crear | Villager (Male) |
| 14:51 | Construir | House |
| 14:53 | Construir | Palisade Wall |
| 14:57 | Crear | Villager (Male) |
| 15:01 | Crear | Fishing Ship |
| 15:01 | Crear | Fishing Ship |
| 15:39 | Crear | Fishing Ship |
| 15:40 | Crear | Fishing Ship |
| 15:44 | Construir | Dock |
| 15:55 | Investigar | Castle Age |
| 16:06 | Crear | Fishing Ship |
| 16:12 | Crear | Fishing Ship |
| 16:22 | Construir | Dock |
| 16:42 | Crear | Unit 2626 ×2 |
| 16:44 | Crear | Unit 2626 |
| 17:17 | Crear | Unit 2626 |
| 17:28 | Construir | House |
| 17:37 | Crear | Unit 2626 |
| 17:37 | Crear | Unit 2626 |
| 17:53 | Crear | Fishing Ship |
| 17:53 | Crear | Fishing Ship |
| 18:17 | Crear | Villager (Male) |
| 18:20 | Edad | Edad de los Castillos |
| 18:28 | Construir | Town Center |
| 18:32 | Investigar | Bow Saw |
| 18:51 | Construir | Town Center |
| 18:54 | Construir | Palisade Wall |
| 18:59 | Construir | Palisade Wall |
| 19:03 | Construir | Palisade Wall |
| 19:05 | Investigar | Wheelbarrow |
| 19:09 | Crear | Villager (Male) |
| 19:12 | Crear | Villager (Male) |
| 19:24 | Crear | Villager (Male) |
| 19:52 | Investigar | Gillnets |
| 19:57 | Investigar | War Galley (upgrade) |
| 20:04 | Construir | House |
| 20:08 | Crear | Villager (Male) |
| 20:09 | Crear | Villager (Male) |
| 20:09 | Crear | Villager (Male) |
| 20:09 | Crear | Villager (Male) |
| 20:10 | Crear | Villager (Male) |
| 20:10 | Crear | Villager (Male) |
| 20:10 | Crear | Villager (Male) |
| 20:10 | Crear | Villager (Male) |
| 20:34 | Construir | Lumber Camp |
| 20:35 | Crear | Villager (Male) |
| 20:36 | Investigar | Loom |
| 20:42 | Construir | Dock |
| 20:49 | Crear | Fishing Ship |
| 20:51 | Crear | Fishing Ship |
| 20:53 | Crear | Villager (Male) |
| 21:22 | Construir | Siege Workshop |
| 21:25 | Crear | Villager (Male) |
| 21:26 | Crear | Villager (Male) |
| 21:37 | Crear | Villager (Male) |
| 21:40 | Crear | Fishing Ship |
| 21:41 | Crear | Fishing Ship |
| 21:50 | Construir | House |
| 21:51 | Construir | House |
| 21:54 | Crear | Villager (Male) |
| 22:02 | Crear | Mangonel |
| 22:07 | Construir | Monastery |
| 22:16 | Crear | Villager (Male) |
| 22:53 | Crear | Mangonel |
| 23:06 | Crear | Villager (Male) |
| 23:06 | Crear | Villager (Male) |
| 23:12 | Crear | Villager (Male) |
| 23:12 | Crear | Villager (Male) |
| 23:23 | Crear | Villager (Male) |
| 23:23 | Crear | Villager (Male) |
| 23:23 | Crear | Villager (Male) |
| 23:24 | Crear | Villager (Male) |
| 23:40 | Crear | Villager (Male) |
| 23:40 | Crear | Villager (Male) |
| 23:40 | Crear | Villager (Male) |
| 23:44 | Crear | Villager (Male) |
| 23:44 | Crear | Villager (Male) |
| 23:54 | Crear | Fishing Ship |
| 23:55 | Crear | Fishing Ship |
| 23:55 | Crear | Fishing Ship |
Build order — VLC | ImperialBoy
Primeras 150 de 352 acciones detectadas
| 0:05 | Construir | Town Center |
| 1:13 | Construir | Dock |
| 1:17 | Construir | House |
| 2:25 | Crear | Villager (Male) |
| 2:25 | Crear | Villager (Male) |
| 2:25 | Crear | Villager (Male) |
| 2:36 | Crear | Villager (Male) |
| 2:37 | Crear | Villager (Male) |
| 3:40 | Crear | Fishing Ship |
| 3:40 | Crear | Fishing Ship |
| 3:48 | Construir | House |
| 4:01 | Investigar | Loom |
| 4:01 | Investigar | Loom |
| 4:38 | Crear | Villager (Male) |
| 4:39 | Crear | Villager (Male) |
| 4:44 | Crear | Fishing Ship |
| 4:44 | Crear | Fishing Ship |
| 5:11 | Crear | Villager (Male) |
| 5:11 | Crear | Villager (Male) |
| 5:29 | Crear | Villager (Male) |
| 5:29 | Crear | Villager (Male) |
| 5:49 | Crear | Villager (Male) |
| 5:50 | Crear | Villager (Male) |
| 5:52 | Crear | Fishing Ship |
| 5:52 | Crear | Fishing Ship |
| 6:13 | Crear | Villager (Male) |
| 6:14 | Crear | Villager (Male) |
| 6:35 | Crear | Villager (Male) |
| 6:35 | Crear | Villager (Male) |
| 6:43 | Construir | House |
| 6:56 | Construir | House |
| 6:57 | Construir | House |
| 7:09 | Crear | Villager (Male) |
| 7:09 | Crear | Villager (Male) |
| 7:14 | Crear | Villager (Male) |
| 7:14 | Crear | Villager (Male) |
| 7:18 | Crear | Fishing Ship |
| 7:18 | Crear | Fishing Ship |
| 7:40 | Crear | Villager (Male) |
| 7:40 | Crear | Villager (Male) |
| 7:51 | Crear | Villager (Male) |
| 7:52 | Crear | Villager (Male) |
| 7:52 | Crear | Villager (Male) |
| 8:06 | Crear | Villager (Male) |
| 8:06 | Crear | Villager (Male) |
| 8:11 | Crear | Villager (Male) |
| 8:11 | Crear | Villager (Male) |
| 8:13 | Crear | Fishing Ship |
| 8:14 | Crear | Fishing Ship |
| 8:31 | Crear | Villager (Male) |
| 8:32 | Crear | Villager (Male) |
| 9:16 | Crear | Villager (Male) |
| 9:16 | Crear | Villager (Male) |
| 9:17 | Crear | Villager (Male) |
| 9:26 | Crear | Villager (Male) |
| 9:26 | Crear | Villager (Male) |
| 9:56 | Construir | Palisade Wall |
| 9:58 | Construir | Palisade Wall |
| 10:25 | Construir | Barracks |
| 10:40 | Construir | Palisade Wall |
| 11:02 | Crear | Villager (Male) |
| 11:17 | Construir | Palisade Wall |
| 11:26 | Investigar | Feudal Age |
| 11:26 | Investigar | Feudal Age |
| 11:29 | Construir | Mining Camp |
| 12:20 | Crear | Villager (Male) |
| 12:29 | Construir | House |
| 12:31 | Construir | House |
| 12:38 | Crear | Villager (Male) |
| 13:08 | Construir | Palisade Wall |
| 13:37 | Edad | Edad Feudal |
| 13:38 | Construir | Archery Range |
| 13:42 | Construir | Blacksmith |
| 14:18 | Investigar | Town Watch |
| 14:25 | Investigar | Castle Age |
| 14:25 | Investigar | Castle Age |
| 14:50 | Construir | Archery Range |
| 14:52 | Crear | Archer ×3 |
| 14:53 | Crear | Villager (Male) |
| 14:53 | Crear | Villager (Male) |
| 14:54 | Crear | Villager (Male) |
| 14:54 | Crear | Villager (Male) |
| 14:54 | Crear | Villager (Male) |
| 15:13 | Construir | Lumber Camp |
| 15:38 | Crear | Archer ×4 |
| 15:40 | Crear | Villager (Male) |
| 15:45 | Investigar | Double-Bit Axe |
| 15:45 | Investigar | Double-Bit Axe |
| 15:45 | Investigar | Double-Bit Axe |
| 16:00 | Construir | Archery Range |
| 16:02 | Crear | Archer ×2 |
| 16:10 | Investigar | Fletching |
| 16:10 | Investigar | Fletching |
| 16:11 | Crear | Archer |
| 16:17 | Crear | Villager (Male) |
| 16:31 | Construir | Mill |
| 16:41 | Crear | Archer ×2 |
| 16:44 | Investigar | Padded Archer Armor |
| 16:44 | Investigar | Padded Archer Armor |
| 17:10 | Construir | Palisade Wall |
| 17:11 | Construir | Palisade Wall |
| 17:32 | Edad | Edad de los Castillos |
| 17:32 | Construir | Market |
| 17:36 | Investigar | Bodkin Arrow |
| 17:37 | Crear | Archer ×3 |
| 17:41 | Crear | Villager (Male) |
| 17:42 | Crear | Villager (Male) |
| 18:08 | Crear | Villager (Male) |
| 18:21 | Construir | Town Center |
| 18:24 | Crear | Villager (Male) |
| 18:36 | Construir | University |
| 18:37 | Crear | Archer ×2 |
| 18:37 | Crear | Archer ×3 |
| 18:38 | Crear | Archer |
| 18:40 | Crear | Villager (Male) |
| 18:40 | Crear | Villager (Male) |
| 18:46 | Investigar | Gold Mining |
| 18:46 | Investigar | Gold Mining |
| 18:48 | Crear | Villager (Male) |
| 18:48 | Crear | Villager (Male) |
| 18:53 | Construir | House |
| 19:30 | Crear | Archer ×2 |
| 19:30 | Crear | Archer ×2 |
| 19:45 | Crear | Archer |
| 20:01 | Construir | House |
| 20:02 | Construir | House |
| 20:23 | Investigar | Crossbowman (upgrade) |
| 20:23 | Investigar | Crossbowman (upgrade) |
| 20:25 | Crear | Archer ×4 |
| 20:25 | Crear | Archer ×4 |
| 20:41 | Crear | Villager (Male) |
| 20:41 | Crear | Villager (Male) |
| 20:42 | Crear | Archer |
| 20:42 | Crear | Archer |
| 20:43 | Crear | Archer |
| 20:51 | Crear | Archer ×2 |
| 21:26 | Crear | Archer |
| 21:26 | Crear | Archer |
| 21:28 | Crear | Villager (Male) ×2 |
| 21:28 | Crear | Villager (Male) ×2 |
| 21:47 | Construir | Siege Workshop |
| 22:02 | Crear | Archer ×3 |
| 22:02 | Crear | Archer ×3 |
| 22:04 | Crear | Villager (Male) |
| 22:04 | Crear | Villager (Male) |
| 22:52 | Construir | House |
| 22:53 | Construir | House |
| 22:56 | Crear | Mangonel |
| 22:56 | Crear | Mangonel |
| 23:37 | Crear | Archer ×3 |
Build order — Andromed
Primeras 150 de 387 acciones detectadas
| 0:03 | Construir | Town Center |
| 0:25 | Construir | House |
| 0:27 | Construir | Dock |
| 2:34 | Crear | Villager (Male) ×4 |
| 2:35 | Crear | Villager (Male) ×4 |
| 3:45 | Crear | Villager (Male) |
| 3:45 | Crear | Villager (Male) |
| 4:10 | Crear | Fishing Ship |
| 4:11 | Crear | Fishing Ship |
| 4:26 | Construir | House |
| 4:46 | Crear | Villager (Male) |
| 4:47 | Crear | Villager (Male) |
| 4:51 | Crear | Fishing Ship |
| 5:31 | Crear | Villager (Male) |
| 5:32 | Crear | Villager (Male) |
| 5:33 | Crear | Fishing Ship |
| 5:33 | Crear | Fishing Ship |
| 6:08 | Crear | Fishing Ship |
| 6:08 | Crear | Fishing Ship |
| 6:12 | Construir | House |
| 6:20 | Crear | Villager (Male) |
| 6:21 | Crear | Villager (Male) |
| 6:41 | Crear | Villager (Male) |
| 6:42 | Crear | Fishing Ship |
| 6:43 | Crear | Fishing Ship |
| 7:12 | Crear | Fishing Ship |
| 7:27 | Construir | House |
| 7:36 | Crear | Villager (Male) |
| 7:53 | Crear | Villager (Male) |
| 7:54 | Crear | Fishing Ship |
| 7:54 | Crear | Fishing Ship |
| 8:36 | Crear | Villager (Male) |
| 8:36 | Crear | Villager (Male) |
| 9:05 | Construir | House |
| 9:07 | Construir | Mill |
| 9:29 | Construir | House |
| 9:31 | Crear | Villager (Male) |
| 9:32 | Crear | Villager (Male) |
| 10:01 | Construir | Mining Camp |
| 10:03 | Crear | Villager (Male) |
| 10:21 | Crear | Villager (Male) |
| 10:42 | Construir | Dock |
| 11:02 | Investigar | Loom |
| 11:19 | Construir | House |
| 11:33 | Investigar | Feudal Age |
| 12:21 | Construir | House |
| 12:24 | Construir | House |
| 12:29 | Construir | Palisade Wall |
| 12:58 | Construir | House |
| 13:01 | Construir | House |
| 13:38 | Construir | Lumber Camp |
| 13:41 | Crear | Villager (Male) |
| 13:47 | Edad | Edad Feudal |
| 13:49 | Crear | Villager (Male) |
| 14:01 | Crear | Fire Galley ×3 |
| 14:18 | Crear | Villager (Male) |
| 14:45 | Crear | Villager (Male) |
| 14:52 | Construir | Blacksmith |
| 15:18 | Crear | Unit 2626 |
| 15:20 | Crear | Villager (Male) |
| 15:22 | Crear | Villager (Male) |
| 15:29 | Construir | Market |
| 15:34 | Construir | House |
| 15:36 | Construir | Palisade Wall |
| 15:41 | Construir | Palisade Wall |
| 16:10 | Crear | Unit 2626 ×3 |
| 16:10 | Crear | Fire Galley ×2 |
| 16:20 | Crear | Villager (Male) |
| 16:20 | Crear | Villager (Male) |
| 16:28 | Investigar | Castle Age |
| 16:54 | Construir | Mining Camp |
| 17:13 | Crear | Galley ×2 |
| 17:16 | Investigar | Double-Bit Axe |
| 17:16 | Investigar | Double-Bit Axe |
| 18:22 | Construir | Dock |
| 18:59 | Crear | Villager (Male) |
| 19:08 | Crear | Fire Galley ×3 |
| 19:25 | Edad | Edad de los Castillos |
| 19:36 | Investigar | War Galley (upgrade) |
| 19:47 | Investigar | Fletching |
| 19:58 | Crear | Villager (Male) |
| 19:58 | Crear | Villager (Male) |
| 20:36 | Crear | Galley ×3 |
| 20:48 | Crear | Villager (Male) |
| 20:49 | Crear | Villager (Male) |
| 20:59 | Construir | Castle |
| 21:07 | Construir | Lumber Camp |
| 21:34 | Crear | Villager (Male) |
| 21:53 | Construir | Barracks |
| 21:56 | Construir | House |
| 21:57 | Crear | Villager (Male) |
| 21:57 | Crear | Villager (Male) |
| 22:39 | Construir | Town Center |
| 22:58 | Crear | Villager (Male) |
| 22:58 | Crear | Villager (Male) |
| 22:59 | Crear | Villager (Male) |
| 23:13 | Investigar | Tech 906 |
| 23:19 | Construir | Outpost |
| 23:23 | Crear | War Wagon |
| 23:36 | Crear | Villager (Male) |
| 23:36 | Crear | Villager (Male) |
| 23:47 | Crear | Unit 2626 |
| 24:04 | Construir | Lumber Camp |
| 24:05 | Investigar | Bow Saw |
| 24:28 | Construir | Outpost |
| 24:41 | Crear | Villager (Male) |
| 24:41 | Crear | Villager (Male) |
| 24:41 | Crear | Villager (Male) |
| 24:47 | Construir | Town Center |
| 24:59 | Construir | Outpost |
| 25:11 | Construir | Farm |
| 25:23 | Crear | Fishing Ship |
| 25:23 | Crear | Fishing Ship |
| 25:25 | Crear | Villager (Male) ×2 |
| 25:34 | Construir | Outpost |
| 25:55 | Crear | War Wagon ×4 |
| 25:55 | Crear | War Wagon ×4 |
| 26:11 | Crear | Villager (Male) ×2 |
| 26:20 | Construir | Town Center |
| 26:26 | Construir | Farm |
| 26:26 | Construir | Farm |
| 26:26 | Construir | Farm |
| 26:26 | Construir | Farm |
| 26:27 | Construir | Farm |
| 26:44 | Crear | Villager (Male) ×3 |
| 26:49 | Crear | Fishing Ship |
| 26:49 | Crear | Fishing Ship |
| 26:52 | Construir | Farm |
| 26:58 | Crear | Villager (Male) ×2 |
| 27:13 | Construir | Farm |
| 27:19 | Crear | Villager (Male) |
| 27:36 | Construir | Lumber Camp |
| 27:39 | Crear | Villager (Male) |
| 27:42 | Crear | Villager (Male) |
| 27:44 | Investigar | Gold Mining |
| 27:51 | Construir | Farm |
| 27:57 | Construir | Lumber Camp |
| 28:13 | Crear | Villager (Male) |
| 28:17 | Crear | Villager (Male) ×4 |
| 28:49 | Crear | Villager (Male) |
| 28:50 | Crear | Villager (Male) ×5 |
| 29:08 | Crear | War Wagon ×4 |
| 29:08 | Crear | War Wagon ×4 |
| 29:47 | Construir | Castle |
| 29:50 | Construir | House |
| 29:52 | Construir | Palisade Wall |
| 29:56 | Investigar | Wheelbarrow |
| 29:57 | Crear | Villager (Male) ×2 |
| 30:20 | Crear | Villager (Male) ×2 |
| 30:26 | Investigar | Horse Collar |
Build order — BigmaaanCZ
Primeras 150 de 193 acciones detectadas
| 0:05 | Construir | Town Center |
| 0:37 | Construir | Dock |
| 0:58 | Construir | House |
| 1:44 | Construir | Palisade Wall |
| 1:46 | Construir | Palisade Wall |
| 1:49 | Construir | Palisade Wall |
| 2:24 | Crear | Villager (Male) ×4 |
| 3:04 | Crear | Fishing Ship |
| 4:05 | Crear | Villager (Male) |
| 4:16 | Construir | House |
| 4:32 | Crear | Villager (Male) |
| 5:08 | Crear | Villager (Male) |
| 5:10 | Crear | Fishing Ship |
| 5:36 | Crear | Villager (Male) |
| 5:55 | Crear | Fishing Ship |
| 6:12 | Crear | Villager (Male) |
| 6:18 | Construir | House |
| 6:43 | Crear | Villager (Male) |
| 6:47 | Crear | Fishing Ship |
| 7:06 | Crear | Villager (Male) |
| 7:28 | Crear | Fishing Ship |
| 7:32 | Crear | Villager (Male) |
| 7:41 | Construir | House |
| 8:04 | Crear | Villager (Male) |
| 8:09 | Crear | Fishing Ship |
| 8:15 | Construir | House |
| 8:28 | Crear | Villager (Male) |
| 8:39 | Crear | Villager (Male) |
| 8:43 | Construir | House |
| 9:03 | Crear | Villager (Male) |
| 9:08 | Construir | House |
| 9:18 | Crear | Villager (Male) |
| 9:32 | Construir | House |
| 9:38 | Crear | Villager (Male) |
| 9:42 | Construir | House |
| 9:59 | Crear | Villager (Male) |
| 10:05 | Construir | House |
| 10:43 | Construir | Dock |
| 10:50 | Crear | Villager (Male) |
| 10:59 | Construir | Lumber Camp |
| 11:29 | Investigar | Feudal Age |
| 11:41 | Crear | Fishing Ship |
| 11:58 | Crear | Fishing Ship |
| 12:11 | Construir | Mining Camp |
| 12:46 | Construir | Barracks |
| 12:53 | Crear | Villager (Male) |
| 12:53 | Crear | Villager (Male) |
| 13:29 | Construir | House |
| 13:39 | Edad | Edad Feudal |
| 13:46 | Construir | Stable |
| 13:53 | Construir | Blacksmith |
| 13:55 | Crear | Villager (Male) |
| 14:10 | Construir | Mining Camp |
| 14:44 | Crear | Fishing Ship |
| 14:44 | Crear | Fishing Ship |
| 14:49 | Investigar | Castle Age |
| 14:49 | Investigar | Castle Age |
| 14:53 | Construir | House |
| 15:14 | Investigar | Double-Bit Axe |
| 15:14 | Investigar | Double-Bit Axe |
| 15:26 | Construir | Dock |
| 15:33 | Construir | House |
| 15:48 | Crear | Scout Cavalry |
| 15:57 | Investigar | Tech 906 |
| 15:57 | Investigar | Tech 906 |
| 15:58 | Investigar | Tech 906 |
| 15:58 | Investigar | Tech 906 |
| 15:58 | Investigar | Tech 906 |
| 15:58 | Investigar | Tech 906 |
| 16:02 | Construir | House |
| 16:17 | Crear | Fishing Ship ×2 |
| 16:44 | Crear | Fishing Ship |
| 16:46 | Crear | Scout Cavalry |
| 16:54 | Investigar | Loom |
| 16:54 | Crear | Villager (Male) |
| 17:02 | Crear | Fishing Ship ×2 |
| 17:26 | Crear | Villager (Male) |
| 17:30 | Crear | Fishing Ship |
| 17:31 | Crear | Fishing Ship |
| 17:34 | Edad | Edad de los Castillos |
| 17:52 | Investigar | Bow Saw |
| 18:16 | Crear | Villager (Male) |
| 18:24 | Investigar | Gillnets |
| 18:24 | Investigar | Gillnets |
| 18:45 | Construir | Castle |
| 18:54 | Crear | Knight |
| 18:56 | Crear | Villager (Male) |
| 18:58 | Investigar | Wheelbarrow |
| 19:22 | Crear | Knight |
| 19:39 | Crear | Scout Cavalry |
| 19:40 | Investigar | Forging |
| 19:56 | Crear | Knight |
| 19:58 | Crear | Villager (Male) |
| 20:13 | Investigar | Gold Mining |
| 20:15 | Crear | Villager (Male) |
| 20:18 | Construir | Dock |
| 20:38 | Crear | Gbeto |
| 20:38 | Crear | Gbeto |
| 20:46 | Construir | Mining Camp |
| 20:56 | Crear | Gbeto |
| 20:56 | Crear | Gbeto |
| 21:11 | Crear | Villager (Male) |
| 21:12 | Investigar | Town Watch |
| 21:22 | Crear | Gbeto |
| 21:27 | Investigar | Stone Mining |
| 21:47 | Crear | Gbeto |
| 21:49 | Crear | Knight |
| 22:08 | Construir | Siege Workshop |
| 22:18 | Crear | Gbeto ×5 |
| 22:24 | Construir | Monastery |
| 23:04 | Crear | Villager (Male) |
| 23:08 | Crear | Gbeto |
| 23:08 | Crear | Gbeto |
| 23:13 | Construir | Outpost |
| 23:23 | Crear | Villager (Male) |
| 23:23 | Crear | Villager (Male) |
| 23:26 | Crear | Gbeto |
| 23:38 | Construir | Outpost |
| 24:02 | Crear | Villager (Male) |
| 24:08 | Construir | Mill |
| 24:12 | Construir | Mill |
| 24:21 | Crear | Gbeto |
| 24:37 | Construir | Outpost |
| 24:42 | Crear | Villager (Male) |
| 24:43 | Crear | Villager (Male) |
| 24:48 | Construir | Market |
| 24:53 | Crear | Gbeto |
| 24:54 | Crear | Gbeto |
| 25:03 | Crear | Monk |
| 25:07 | Construir | Outpost |
| 25:30 | Construir | Castle |
| 25:46 | Construir | Castle |
| 25:55 | Crear | Villager (Male) |
| 26:11 | Construir | Outpost |
| 26:14 | Construir | Outpost |
| 26:24 | Investigar | Imperial Age |
| 26:34 | Construir | Mining Camp |
| 26:43 | Construir | Lumber Camp |
| 26:48 | Investigar | Fletching |
| 26:49 | Investigar | Scale Mail Armor |
| 26:50 | Crear | Gbeto ×2 |
| 27:09 | Construir | Outpost |
| 27:16 | Crear | Gbeto |
| 27:16 | Crear | Gbeto |
| 27:41 | Investigar | Horse Collar |
| 27:52 | Construir | Mill |
| 27:58 | Construir | Mill |
| 27:58 | Construir | Farm |
| 27:58 | Construir | Farm |
| 27:58 | Construir | Farm |
Build order — VLC | Tithen
Primeras 150 de 606 acciones detectadas
| 0:23 | Construir | Town Center |
| 2:19 | Construir | Dock |
| 2:23 | Construir | House |
| 2:43 | Crear | Villager (Male) |
| 2:43 | Crear | Villager (Male) |
| 2:44 | Crear | Villager (Male) |
| 2:44 | Crear | Villager (Male) |
| 2:44 | Crear | Villager (Male) |
| 4:01 | Crear | Fishing Ship |
| 4:35 | Investigar | Loom |
| 4:42 | Construir | House |
| 4:47 | Crear | Villager (Male) |
| 4:48 | Crear | Villager (Male) |
| 5:23 | Crear | Villager (Male) |
| 5:23 | Crear | Villager (Male) |
| 5:54 | Crear | Fishing Ship |
| 6:00 | Crear | Villager (Male) |
| 6:00 | Crear | Villager (Male) |
| 6:22 | Crear | Villager (Male) |
| 6:23 | Crear | Villager (Male) |
| 6:25 | Crear | Fishing Ship |
| 6:41 | Construir | House |
| 6:48 | Crear | Villager (Male) |
| 6:58 | Construir | House |
| 7:13 | Crear | Villager (Male) |
| 7:14 | Crear | Villager (Male) |
| 7:28 | Crear | Villager (Male) |
| 7:28 | Crear | Villager (Male) |
| 7:40 | Crear | Villager (Male) |
| 7:40 | Crear | Villager (Male) |
| 7:45 | Crear | Fishing Ship |
| 7:58 | Crear | Villager (Male) |
| 7:59 | Crear | Villager (Male) |
| 8:16 | Crear | Villager (Male) |
| 8:16 | Crear | Villager (Male) |
| 8:28 | Crear | Fishing Ship |
| 8:46 | Crear | Villager (Male) |
| 8:47 | Crear | Villager (Male) |
| 9:08 | Crear | Fishing Ship |
| 9:14 | Construir | House |
| 9:17 | Crear | Villager (Male) |
| 9:24 | Crear | Villager (Male) |
| 10:26 | Crear | Villager (Male) |
| 10:47 | Crear | Villager (Male) |
| 10:47 | Crear | Villager (Male) |
| 10:51 | Construir | Mill |
| 11:17 | Crear | Fishing Ship |
| 11:32 | Investigar | Feudal Age |
| 11:37 | Construir | House |
| 11:41 | Construir | Mining Camp |
| 12:20 | Construir | House |
| 12:22 | Construir | Palisade Wall |
| 13:35 | Crear | Villager (Male) |
| 14:00 | Edad | Edad Feudal |
| 14:03 | Construir | Market |
| 14:05 | Construir | Blacksmith |
| 14:08 | Crear | Villager (Male) |
| 14:26 | Crear | Villager (Male) |
| 14:45 | Investigar | Castle Age |
| 15:00 | Construir | House |
| 15:01 | Construir | House |
| 15:05 | Construir | House |
| 15:06 | Construir | House |
| 15:08 | Crear | Villager (Male) |
| 15:08 | Crear | Villager (Male) |
| 15:50 | Crear | Villager (Male) |
| 15:53 | Construir | Mining Camp |
| 16:00 | Construir | House |
| 16:24 | Crear | Villager (Male) |
| 17:48 | Crear | Villager (Male) |
| 17:48 | Crear | Villager (Male) |
| 17:49 | Crear | Villager (Male) |
| 17:55 | Edad | Edad de los Castillos |
| 17:57 | Construir | Castle |
| 18:05 | Construir | Town Center |
| 18:07 | Crear | Villager (Male) |
| 18:43 | Crear | Villager (Male) |
| 18:44 | Crear | Villager (Male) |
| 18:44 | Crear | Villager (Male) |
| 19:01 | Crear | Conquistador |
| 19:01 | Crear | Conquistador |
| 19:02 | Crear | Conquistador |
| 19:03 | Crear | Villager (Male) |
| 19:04 | Crear | Villager (Male) |
| 19:24 | Crear | Villager (Male) |
| 19:24 | Crear | Villager (Male) |
| 19:28 | Crear | Villager (Male) |
| 19:28 | Crear | Villager (Male) |
| 19:48 | Crear | Villager (Male) |
| 19:49 | Crear | Villager (Male) |
| 20:08 | Crear | Conquistador |
| 20:18 | Construir | Town Center |
| 20:20 | Crear | Villager (Male) |
| 20:35 | Construir | Farm |
| 20:35 | Construir | Farm |
| 20:35 | Construir | Farm |
| 20:36 | Construir | Farm |
| 20:36 | Construir | Farm |
| 20:36 | Construir | Farm |
| 20:39 | Construir | Farm |
| 21:18 | Crear | Villager (Male) |
| 21:18 | Crear | Villager (Male) |
| 21:23 | Crear | Villager (Male) |
| 21:23 | Crear | Villager (Male) |
| 22:03 | Crear | Villager (Male) |
| 22:03 | Crear | Villager (Male) |
| 22:06 | Crear | Villager (Male) |
| 22:06 | Crear | Villager (Male) |
| 22:06 | Crear | Villager (Male) |
| 22:09 | Crear | Villager (Male) |
| 22:10 | Crear | Villager (Male) |
| 22:37 | Crear | Villager (Male) |
| 22:38 | Crear | Villager (Male) |
| 22:38 | Crear | Villager (Male) |
| 23:17 | Crear | Villager (Male) |
| 23:18 | Crear | Villager (Male) |
| 23:18 | Crear | Villager (Male) |
| 23:18 | Crear | Villager (Male) |
| 23:18 | Crear | Villager (Male) |
| 23:26 | Crear | Conquistador |
| 23:26 | Crear | Conquistador |
| 23:35 | Crear | Villager (Male) |
| 23:35 | Crear | Villager (Male) |
| 23:35 | Crear | Villager (Male) |
| 23:35 | Crear | Villager (Male) |
| 23:38 | Crear | Villager (Male) |
| 23:39 | Crear | Villager (Male) |
| 23:51 | Crear | Villager (Male) |
| 23:51 | Crear | Villager (Male) |
| 23:56 | Construir | Farm |
| 23:56 | Construir | Farm |
| 23:57 | Construir | Farm |
| 23:57 | Construir | Farm |
| 23:57 | Construir | Farm |
| 24:15 | Crear | Conquistador |
| 24:15 | Crear | Conquistador |
| 24:24 | Construir | Lumber Camp |
| 24:25 | Crear | Villager (Male) |
| 24:35 | Crear | Conquistador |
| 24:35 | Crear | Conquistador |
| 24:43 | Construir | Farm |
| 24:44 | Construir | Farm |
| 24:44 | Construir | Farm |
| 24:44 | Construir | Farm |
| 24:44 | Construir | Farm |
| 25:13 | Crear | Villager (Male) |
| 25:13 | Crear | Villager (Male) |
| 25:15 | Construir | Farm |
| 25:16 | Construir | Farm |
| 26:07 | Crear | Villager (Male) |
Cronología de la partida
| 0:21 | Humble Villager · first_building Dock |
| 0:27 | Andromed · first_building Dock |
| 0:37 | BigmaaanCZ · first_building Dock |
| 1:13 | VLC | ImperialBoy · first_building Dock |
| 1:28 | VLC | GCuello · first_building Dock |
| 1:32 | VLC | GCuello · wall_segment Palisade Wall x1 |
| 1:44 | BigmaaanCZ · wall_segment Palisade Wall x1 |
| 1:46 | BigmaaanCZ · wall_segment Palisade Wall x1 |
| 1:49 | BigmaaanCZ · wall_segment Palisade Wall x1 |
| 2:19 | VLC | Tithen · first_building Dock |
| 3:05 | Humble Villager · wall_segment Palisade Wall x1 |
| 3:12 | Humble Villager · wall_segment Palisade Wall x1 |
| 5:22 | Humble Villager · wall_segment Palisade Wall x1 |
| 9:56 | VLC | ImperialBoy · wall_segment Palisade Wall x1 |
| 9:58 | VLC | ImperialBoy · wall_segment Palisade Wall x1 |
| 10:25 | VLC | ImperialBoy · first_building Barracks |
| 10:40 | VLC | ImperialBoy · wall_segment Palisade Wall x1 |
| 10:56 | Humble Villager · wall_segment Palisade Wall x1 |
| 10:57 | Humble Villager · wall_segment Palisade Wall x1 |
| 11:17 | VLC | ImperialBoy · wall_segment Palisade Wall x13 |
| 11:35 | Humble Villager · age_up feudal |
| 12:22 | VLC | Tithen · wall_segment Palisade Wall x3 |
| 12:29 | Andromed · wall_segment Palisade Wall x1 |
| 12:46 | BigmaaanCZ · first_building Barracks |
| 13:08 | VLC | ImperialBoy · wall_segment Palisade Wall x4 |
| 13:37 | VLC | ImperialBoy · age_up feudal |
| 13:38 | VLC | ImperialBoy · first_building Archery Range |
| 13:39 | BigmaaanCZ · age_up feudal |
| 13:46 | BigmaaanCZ · first_building Stable |
| 13:47 | Andromed · age_up feudal |
| 14:00 | VLC | Tithen · age_up feudal |
| 14:17 | VLC | GCuello · wall_segment Palisade Wall x3 |
| 14:23 | VLC | GCuello · wall_segment Palisade Wall x2 |
| 14:26 | VLC | GCuello · age_up feudal |
| 14:44 | VLC | Tithen · first_market_sell 100 wood |
| 14:53 | Humble Villager · wall_segment Palisade Wall x3 |
| 15:36 | Andromed · wall_segment Palisade Wall x1 |
| 15:41 | Andromed · wall_segment Palisade Wall x1 |
| 16:24 | Andromed · first_market_sell 100 food |
| 17:10 | VLC | ImperialBoy · wall_segment Palisade Wall x1 |
| 17:11 | VLC | ImperialBoy · wall_segment Palisade Wall x1 |
| 17:32 | VLC | ImperialBoy · age_up castle |
| 17:33 | Humble Villager · first_market_sell 100 wood |
| 17:34 | BigmaaanCZ · age_up castle |
| 17:55 | VLC | Tithen · age_up castle |
| 17:57 | VLC | GCuello · first_building Barracks |
| 17:57 | VLC | Tithen · first_building Castle |
| 18:20 | Humble Villager · age_up castle |
| 18:22 | Humble Villager · first_market_buy 100 wood |
| 18:45 | BigmaaanCZ · first_building Castle |
| 18:52 | VLC | GCuello · age_up castle |
| 18:54 | Humble Villager · wall_segment Palisade Wall x1 |
| 18:59 | Humble Villager · wall_segment Palisade Wall x1 |
| 19:03 | Humble Villager · wall_segment Palisade Wall x1 |
| 19:25 | Andromed · age_up castle |
| 19:25 | VLC | GCuello · first_building Monastery |
| 19:33 | VLC | GCuello · first_building Castle |
| 19:33 | Andromed · first_market_buy 100 wood |
| 20:13 | VLC | ImperialBoy · first_market_sell 500 stone |
| 20:15 | VLC | ImperialBoy · first_market_buy 100 food |
| 20:59 | Andromed · first_building Castle |
| 21:22 | Humble Villager · first_building Siege Workshop |
| 21:47 | VLC | ImperialBoy · first_building Siege Workshop |
| 21:53 | Andromed · first_building Barracks |
| 22:07 | Humble Villager · first_building Monastery |
| 22:08 | BigmaaanCZ · first_building Siege Workshop |
| 22:24 | BigmaaanCZ · first_building Monastery |
| 24:03 | VLC | GCuello · first_building Stable |
| 25:07 | VLC | GCuello · first_market_buy 100 food |
| 25:35 | Humble Villager · first_building Barracks |
| 27:46 | VLC | Tithen · first_market_buy 100 food |
| 28:12 | Humble Villager · first_building Castle |
| 29:34 | BigmaaanCZ · age_up imperial |
| 29:49 | Humble Villager · first_building Archery Range |
| 29:52 | Andromed · wall_segment Palisade Wall x1 |
| 30:13 | BigmaaanCZ · first_market_sell 500 wood |
| 30:23 | VLC | GCuello · first_building Siege Workshop |
| 31:11 | Andromed · first_building Monastery |
| 32:26 | VLC | Tithen · first_building Monastery |
| 32:39 | Andromed · first_building Stable |
| 33:42 | Andromed · first_building Siege Workshop |
| 34:01 | BigmaaanCZ · first_market_buy 100 stone |
| 34:08 | VLC | Tithen · first_building Siege Workshop |
| 34:45 | VLC | Tithen · age_up imperial |
| 35:16 | VLC | Tithen · first_building Barracks |
| 35:56 | VLC | Tithen · first_building Stable |
| 36:08 | VLC | ImperialBoy · age_up imperial |
| 37:33 | Humble Villager · age_up imperial |
| 38:43 | BigmaaanCZ · resign |
| 39:13 | VLC | GCuello · age_up imperial |
| 39:44 | Humble Villager · first_building Stable |
| 40:21 | Andromed · age_up imperial |
| 41:56 | VLC | ImperialBoy · first_building Castle |
| 41:59 | VLC | GCuello · first_market_sell 500 wood |
| 43:36 | VLC | GCuello · tribute_sent a jugador 1 |
| 43:36 | VLC | GCuello · tribute_sent a jugador 2 |
| 43:36 | VLC | GCuello · tribute_sent a jugador 3 |
| 43:36 | VLC | GCuello · tribute_sent a jugador 5 |
| 43:36 | VLC | GCuello · tribute_sent a jugador 6 |
| 44:07 | VLC | GCuello · first_building Archery Range |
| 47:17 | VLC | GCuello · tribute_sent a jugador 1 |
| 47:17 | VLC | GCuello · tribute_sent a jugador 2 |
| 47:17 | VLC | GCuello · tribute_sent a jugador 3 |
| 47:17 | VLC | GCuello · tribute_sent a jugador 5 |
| 47:17 | VLC | GCuello · tribute_sent a jugador 6 |
| 48:34 | VLC | Tithen · first_building Archery Range |
| 50:09 | Andromed · first_building Archery Range |
| 53:36 | VLC | GCuello · tribute_sent a jugador 1 |
| 53:36 | VLC | GCuello · tribute_sent a jugador 2 |
| 53:36 | VLC | GCuello · tribute_sent a jugador 3 |
| 53:36 | VLC | GCuello · tribute_sent a jugador 5 |
| 53:36 | VLC | GCuello · tribute_sent a jugador 6 |
[ ANÁLISIS IA · 1 CRÉDITO ]
¿Qué pasó realmente en esta partida?
Wolo.gg analiza cada decisión: build order, eco, micro, errores típicos por bracket. Análisis personalizado por WhatsApp o Discord en 30 segundos.
Guía civ
Borgoñones
Perfil
Jugador #12070193